 Dungeon Crawl Stone Soup version 0.28-a0-194-g42b4daccc1 (webtiles) character file.

Game seed: 5108703451531011025

18 Arne the Gusty (level 2, -3/15 HPs)
             Began as a Tengu Air Elementalist on Aug 18, 2021.
             Slain by an adder (4 damage)
             ... on level 2 of the Dungeon.
             The game lasted 00:10:37 (1315 turns).

Arne the Gusty (Tengu Air Elementalist)             Turns: 1315, Time: 00:10:37

Health: -3/15      AC:  2    Str:  8    XL:     2   Next: 70%
Magic:  5/6        EV: 12    Int: 15    God:
Gold:   18         SH:  4    Dex: 14    Spells: 4/5 levels left

rFire   . . .      SeeInvis .   f - +0 short sword
rCold   . . .      Faith    .   b - +0 buckler
rNeg    . . .      Spirit   .   a - +0 robe
rPois   .          Reflect  .   (helmet restricted)
rElec   .          Harm     .   (no cloak)
rCorr   .          Rampage  .   (no gloves)
Will    .....                   (boots unavailable)
Stlth   ++........              (no amulet)
HPRegen 0.05/turn               (no ring)
MPRegen 0.10/turn               (no ring)

@: lethally poisoned (-3 -> -7)
A: beak, talons 3
a: no special abilities


You were on level 2 of the Dungeon.
You visited 1 branch of the dungeon, and saw 2 of its levels.

You collected 18 gold pieces.

Inventory:

Hand Weapons
 c - a +0 dagger
 f - a +0 short sword (weapon)
Armour
 a - a +0 robe (worn)
 b - a +0 buckler (worn)
Scrolls
 g - a scroll of brand weapon {unknown}
 h - a scroll of noise {unknown}
 i - a scroll of fog {unknown}
Potions
 d - a potion of attraction {unknown}
 e - a potion of curing {unknown}


   Skills:
 * Level 0.1 Fighting
 + Level 0.2 Short Blades
 * Level 2.3 Dodging
 + Level 2.0 Stealth
 * Level 1.1 Shields
 + Level 2.0 Spellcasting
 + Level 1.3 Conjurations
 + Level 4.6 Air Magic


You had 4 spell levels left.
You knew the following spells:

 Your Spells              Type           Power      Damage    Failure   Level
a - Shock                 Conj/Air       40%        1d5       10%         1

Your spell library contained the following spells:

 Spells                   Type           Power      Damage    Failure   Level
 Static Discharge         Conj/Air       10%        N/A       14%         2
 Swiftness                Air            15%        N/A       14%         3
 Airstrike                Air            7%         N/A       43%         4


Dungeon Overview and Level Annotations

Branches:
Dungeon (2/15)

Altars:
Ru


Innate Abilities, Weirdness & Mutations

You have a beak for a mouth.
You have claws for feet.


Message History

The zap misses the giant cockroach.
The adder barely misses you.
Casting: Shock (safe; 10% risk of failure)
Confirm with . or Enter, or press ? or * to list all spells.
Aiming: Shock (safe; 10% risk of failure)
Press: ? - help, Shift-Dir - straight line, f/p - adder
Aim: an adder (lightly wounded, 48% to hit)
The zap misses the adder.
The zap hits the giant cockroach.
The giant cockroach is almost dead.
The adder barely misses you.
You miss the adder. Your kick misses the adder. Your peck misses the adder.
The adder is lightly wounded.
The adder bites you. The adder barely misses you.
You barely miss the giant cockroach.
The giant cockroach is almost dead.
The giant cockroach closely misses you. The adder bites you but does no damage.
You hit the giant cockroach.
You kill the giant cockroach!
The adder closely misses you. The adder bites you.
You miss the adder.
The adder is lightly wounded.
The adder bites you but does no damage.
You closely miss the adder.
The adder is lightly wounded.
The adder bites you.
You are poisoned.
The adder poisons you! The adder closely misses you.
You hit the adder.
The adder is heavily wounded.
You feel sick. The adder barely misses you.
You closely miss the adder.
The adder is heavily wounded.
You feel sick. The adder bites you.
* * * LOW HITPOINT WARNING * * *
You are lethally poisoned!
The adder poisons you! You block the adder's attack.
You hit the adder but do no damage.
The adder is heavily wounded.
* * * LOW HITPOINT WARNING * * *
You feel sick. The adder bites you.
You die...

.. .> #.#### #.# #
...... ..#..
......##.#<#
.!.....#.#.# #
.........#.###[#
#....S........#
#..._†@....#
##.........# ###
#.........#
..#....#.#.....#
#.#### #.#..#'##
#######.######.#..#.#
...............#..#.#
#######.###### ##.#.#
#.###########.#


You could see an adder.

Vanquished Creatures
  An endoplasm (D:1)
  4 giant cockroaches
  2 hobgoblins (D:1)
  A frilled lizard (D:1)
  3 goblins (D:1)
  3 kobolds (D:1)
  4 rats (D:1)
18 creatures vanquished.

Notes
Turn   | Place    | Note
-------+----------+-------------------------------------------
     0 | D:1      | Arne the Tengu Air Elementalist began the quest for the
                  | Orb.
     0 | D:1      | Reached XP level 1. HP: 10/10 MP: 4/4
   221 | D:1      | Reached XP level 2. HP: 15/15 MP: 6/6
  1140 | D:1      | Reached skill level 1 in Shields
  1301 | D:2      | Found a sacrificial altar of Ru.
  1315 | D:2      | Slain by an adder

Illustrated notes

Levels and vault maps discovered:
D:1:      dpeg_arrival_tiny_i, layout_basic
D:2:      layout_basic, basic_altar

Skill      XL: |  1  2 |
---------------+-------+-----
Shields        | 1 |  1.1
Fighting       | |  0.1
Short Blades   | |  0.2
Dodging        | |  2.3
Stealth        | |  2.0
Spellcasting   | |  2.0
Conjurations   | |  1.3
Air Magic      | |  4.6

Action                   || total
-------------------------++-------
Melee: Short sword       ||    36
       Peck              ||     5
       Dagger            ||     2
       Kick              ||     1
 Cast: Shock             ||    20
Armor: Robe              ||     7
Dodge: Dodged            ||    22
Block: Buckler           ||     7

Table legend: (Time is in decaauts)
 A = Elapsed time spent in this place.
 B = Non-inter-level travel time spent in this place.
 C = Inter-level travel time spent in this place.
 D = Time resting spent in this place.
 E = Time spent auto-exploring this place.
 F = Levels seen in this place.
 G = Mean time per level.
                   A        B        C        D        E       F      G
               +--------+--------+--------+--------+--------+-----+--------+
         Total |   1319 |   1319 |      0 |    417 |    158 |   2 |  659.5 |
       Dungeon |   1319 |   1319 |      0 |    417 |    158 |   2 |  659.5 |
               +--------+--------+--------+--------+--------+-----+--------+

Top non-repeatable levels by time:
     D:1: 1199 daAuts
     D:2: 119 daAuts
